 Dungeon Crawl Stone Soup version 0.29-a0-319-gad05b8d819 (webtiles) character file.

Game seed: 6056181266489183160

20 enile the Grasshopper (level 2, 26/26 HPs)
             Began as a Mayflytaur Wanderer on Apr 1, 2022.
             Tarried too long and was consumed by Zot
             ... on level 1 of the Dungeon.
             The game lasted 00:01:52 (599 turns).

enile the Grasshopper (Mayflytaur Wanderer)          Turns: 599, Time: 00:01:52

Health: 26/26      AC:  2    Str: 11    XL:     2   Next: 79%
Magic:  6/6        EV: 12    Int: 17    God:
Gold:   25         SH:  0    Dex: 11    Spells: 6/6 levels left

rFire   . . .      SeeInvis .   a - +0 dagger
rCold   . . .      Faith    .   (no shield)
rNeg    . . .      Spirit   .   d - +0 robe
rPois   .          Reflect  .   (no helmet)
rElec   .          Harm     .   (no cloak)
rCorr   .          Rampage  .   (no gloves)
Will    .....                   (no boots)
Stlth   ++........              (no amulet)
HPRegen 0.08/turn               (no ring)
MPRegen 0.10/turn               (no ring)

@: flying, bezotted
A: damage resistance, big wings, sense surroundings 1, short lifespan
a: no special abilities


You were on level 1 of the Dungeon.
You visited 1 branch of the dungeon, and saw 1 of its levels.

You collected 25 gold pieces.

Inventory:

Hand Weapons
 a - a +0 dagger (weapon)
Missiles
 b - 8 boomerangs (quivered)
 f - 3 poisoned darts
Armour
 d - a +0 robe (worn)
 e - a +0 tower shield
Scrolls
 g - a scroll of immolation {unknown}
Potions
 c - a potion of haste
 h - 2 potions of invisibility {unknown}


   Skills:
 - Level 2.0 Fighting
 - Level 1.2 Throwing
 + Level 1.4 Dodging
 - Level 1.2 Stealth
 - Level 2.6 Spellcasting
 - Level 4.8 Translocations
 - Level 2.1 Ice Magic


You had 6 spell levels left.
You didn't know any spells.
Your spell library contained the following spells:

 Spells                   Type           Power      Damage    Failure   Level
 Apportation              Tloc           36%        N/A       2%          1
 Freeze                   Ice            36%        1d6       8%          1
 Lesser Beckoning         Tloc           18%        N/A       8%          3
 Teleport Other           Tloc           18%        N/A       8%          3
 Frozen Ramparts          Ice            18%        1d3       22%         3


Dungeon Overview and Level Annotations

Branches:
Dungeon (1/15)

Altars:

Shops:
D:1 :!=


Innate Abilities, Weirdness & Mutations

You are resistant to damage.
Your large and strong wings let you fly.
You passively map a small area around you.
You are easily found by Zot.


Message History

The giant cockroach barely misses you.
You barely miss the giant cockroach. The giant cockroach closely misses you.
You hit the giant cockroach but do no damage.
The giant cockroach bites you but does no damage.
The giant cockroach barely misses you.
You hit the giant cockroach but do no damage.
The giant cockroach barely misses you.
You hit the giant cockroach but do no damage.
The giant cockroach bites you but does no damage.
You closely miss the giant cockroach. The giant cockroach closely misses you.
You hit the giant cockroach but do no damage.
The giant cockroach bites you but does no damage.
You closely miss the giant cockroach. The giant cockroach closely misses you.
The giant cockroach barely misses you.
You completely miss the giant cockroach.
The giant cockroach bites you but does no damage.
You hit the giant cockroach.
The giant cockroach is heavily wounded.
The giant cockroach closely misses you.
You hit the giant cockroach.
You kill the giant cockroach!
No target in view!
You see here a giant cockroach corpse.
Found Begreq's Book Shop.
A kobold comes into view. It is wielding a +0 dagger.
The kobold misses you.
You hit the kobold but do no damage. The kobold barely misses you.
You hit the kobold.
The kobold is moderately wounded.
The kobold hits you with a +0 dagger.
You completely miss the kobold.
The kobold is moderately wounded.
The kobold misses you.
You hit the kobold.
You kill the kobold!
You see here a +0 dagger.
(D) Dungeon
Where to? (? - help) Zot has found you!
You die...

* ###.##.#.# * #......#
###########.###
.......####.## ##########
.#####.#.....# #........#
.# #.#.....# #.######.# †#
#.......# ###.#### #.# .#
#.#.....# #......# #.# #.
.#####.#.....###@#.##.# #.#
#. .......##........#.##.#
#.# #.
###.######.÷.#####.##.###.#
#. #.# ##.## #........# #.
#.# #.# ####.##### #. #.#
#.# #.# #. #.# ##'### #.###
##. #.# ##....# #...# ##..
#.# ##....∩## ###># #...


There were no monsters in sight!

Vanquished Creatures
  A ball python (D:1)
  2 endoplasms (D:1)
  2 giant cockroaches (D:1)
  2 hobgoblins (D:1)
  4 jackals (D:1)
  2 kobolds (D:1)
  A quokka (D:1)
  2 rats (D:1)
16 creatures vanquished.

Notes
Turn   | Place    | Note
-------+----------+-------------------------------------------
     0 | D:1      | enile the Mayflytaur Wanderer began the quest for the Orb.
     0 | D:1      | enile set off with the following items: a +0 dagger, 8
                  | boomerangs, a potion of haste, a +0 robe; and the following
                  | spells available to memorise: Apportation, Freeze, Lesser
                  | Beckoning, Teleport Other, Frozen Ramparts
     0 | D:1      | Reached XP level 1. HP: 15/15 MP: 5/5
    64 | D:1      | Reached skill level 1 in Fighting
    79 | D:1      | Reached XP level 2. HP: 15/26 MP: 6/6
   100 | D:1      | Glimpsed the power of Zot.
   125 | D:1      | Found Tuwonatt's Jewellery Boutique.
   302 | D:1      | Found Weneaxt's Distillery.
   328 | D:1      | Reached skill level 1 in Dodging
   500 | D:1      | Glimpsed the power of Zot.
   575 | D:1      | Found Begreq's Book Shop.
   599 | D:1      | Tarried too long and was consumed by Zot

Illustrated notes

Levels and vault maps discovered:
D:1:      tarquinn_simple_flora_water_d, layout_loops_corners,
          basic_ecumenical_altar, serial_shops, shop, shop, shop_fountains

Skill      XL: |  1  2 |
---------------+-------+-----
Fighting       | 1 2 |  2.0
Dodging        | 1 |  1.4
Throwing       | |  1.2
Stealth        | |  1.2
Spellcasting   | |  2.6
Translocations | |  4.8
Ice Magic      | |  2.1

Action                   || total
-------------------------++-------
Melee: Dagger            ||    90
       Punch             ||     1
Armor: Robe              ||    19
Dodge: Dodged            ||    52

Table legend: (Time is in decaauts)
 A = Elapsed time spent in this place.
 B = Non-inter-level travel time spent in this place.
 C = Inter-level travel time spent in this place.
 D = Time resting spent in this place.
 E = Time spent auto-exploring this place.
 F = Levels seen in this place.
 G = Mean time per level.
                   A        B        C        D        E       F      G
               +--------+--------+--------+--------+--------+-----+--------+
         Total |    599 |    585 |     14 |      0 |    354 |   1 |  599.0 |
       Dungeon |    599 |    585 |     14 |      0 |    354 |   1 |  599.0 |
               +--------+--------+--------+--------+--------+-----+--------+

Top non-repeatable levels by time:
     D:1: 599 daAuts
